 Dungeon Crawl Stone Soup version 0.17-a0-986-gf45d1aa (webtiles) character file.

5 l0ser140 the Conjurer (level 1, 0/11 HPs)
             Began as an Octopode Conjurer on May 11, 2015.
             Slain by a jackal (1 damage)
             ... on level 1 of the Dungeon.
             The game lasted 00:08:51 (297 turns).

l0ser140 the Conjurer (Octopode Conjurer)            Turns: 297, Time: 00:08:51

Health: 0/11       AC:  1    Str:  7    XL:     1   Next: 80%
Magic:  3/3        EV: 12    Int: 17    God:
Gold:   25         SH:  0    Dex: 12    Spells: 1 memorised, 3 levels left

rFire  . . .     SeeInvis .     g - +0 whip
rCold  . . .     Clarity  .     (no shield)
rNeg   . . .     SustAb   .     (helmet restricted)
rPois  .         Gourm    .     (no amulet)
rElec  .         Spirit   .     (no ring)
rCorr  .         Warding  .     (no ring)
rMut   .         Stasis   .     (no ring)
MR     .....                    (no ring)
Stlth  +++.......               (no ring)
                                (no ring)
                                (no ring)
                                (no ring)

@: not resistant to hostile enchantments, fairly stealthy
A: almost no armour, amphibious, 8 rings, constrict 8, camouflage 1, gelatinous
body 1
a: no special abilities


You were on level 1 of the Dungeon.
You were not hungry.

You visited 1 branch of the dungeon, and saw 1 of its levels.

You collected 25 gold pieces.

Inventory:

Hand weapons
 g - a +0 whip (weapon)
Scrolls
 d - a scroll of remove curse {unknown}
Potions
 e - 2 potions of cancellation {unknown}
Books
 a - a book of Conjurations

   Spells                             Type                      Level
   a - Magic Dart                     Conjuration                  1
   b - Searing Ray                    Conjuration                  2
   c - Dazzling Spray                 Conjuration/Hexes            3
   d - Fulminant Prism                Conjuration/Hexes            4
   e - Iskenderun's Mystic Blast      Conjuration                  4
   f - Iskenderun's Battlesphere      Conjuration/Charms           5
Comestibles
 b - a bread ration
 c - a meat ration
 f - 3 chunks of flesh


   Skills:
 - Level 2.0 Dodging
 - Level 2.6 Stealth
 + Level 2.4 Spellcasting
 - Level 4.0 Conjurations


You had 3 spell levels left.
You knew the following spells:

 Your Spells              Type           Power        Failure   Level  Hunger
y - Magic Dart            Conj           ###.         3%          1    #......


Dungeon Overview and Level Annotations

Branches:
Dungeon (1/15)

Altars:


Innate Abilities, Weirdness & Mutations

You cannot wear most types of armour.
You are amphibious.
You can wear up to eight rings at the same time.
You can use your tentacles to constrict eight enemies at once.
Your skin changes colour to match your surroundings (Stealth).
Your rubbery body absorbs attacks (AC +1).


Message History

Cleared macro '*' => 'HDAtravel'. (m)acro, (M)acro raw, keymap [(k) default, (x) level-map, (t)argeting, (c)onfirm, m(e)nu], (s)ave?
Input macro trigger key: * Input macro action:
Okay, then. (m)acro, (M)acro raw, keymap [(k) default, (x) level-map, (t)argeting, (c)onfirm, m(e)nu], (s)ave?
Input macro trigger key: * Input macro action:
Okay, then.
Warning: Unknown monster: "goliath beetle: lightblue" (RCHANDRA.rc:780) Warning: Unknown monster: "baby alligator: cyan" (RCHANDRA.rc:803) Welcome back, l0ser140 the Octopode Conjurer.
Unknown command.
Unknown command. (m)acro, (M)acro raw, keymap [(k) default, (x) level-map, (t)argeting, (c)onfirm, m(e)nu], (s)ave?
Input macro trigger key: * Input macro action: ===HDAtravel Created macro '*' => '===HDAtravel'.
Lua error: ...-master/crawl-git-f45d1aadf7/data/dat/dlua/macro.lua:27: [string "/dgldir/rcfiles/crawl-git/HDAtravel.rc"]:471: Point (-8,-8) is out of bounds Lua error: ...-master/crawl-git-f45d1aadf7/data/dat/dlua/macro.lua:27: [string "/dgldir/rcfiles/crawl-git/HDAtravel.rc"]:471: Point (-8,-8) is out of bounds Lua error: ...-master/crawl-git-f45d1aadf7/data/dat/dlua/macro.lua:27: [string "/dgldir/rcfiles/crawl-git/HDAtravel.rc"]:471: Point (-8,-8) is out of bounds Saving game... please wait.
Warning: Unknown monster: "goliath beetle: lightblue" (RCHANDRA.rc:780) Warning: Unknown monster: "baby alligator: cyan" (RCHANDRA.rc:803) Welcome back, l0ser140 the Octopode Conjurer.
The jackal barks! x2
You hear a bark!
The jackal barely misses you.
You closely miss the jackal. Your grab misses the jackal.
You hit the jackal but do no damage. You grab the jackal.
You constrict the jackal, but do no damage.
The jackal barely misses you. The jackal bites you.
The jackal closely misses you. The jackal barely misses you.
Damage: -18%(-2hp) hp: 82%(9hp)
You completely miss the jackal. You constrict the jackal. The jackal bites you.
The jackal bites you. The jackal closely misses you.
Huge Dmg: -27%(-3hp) hp: 55%(6hp) Unknown command.
You hit the jackal. You constrict the jackal.
You kill the jackal!
The jackal bites you.
* * * LOW HITPOINT WARNING * * *
The jackal bites you.
* * * LOW HITPOINT WARNING * * *
The jackal barely misses you. The jackal bites you.
* * * LOW HITPOINT WARNING * * *
Huge Dmg: -45%(-5hp) hp: 10%(1hp)
You hit the jackal but do no damage. Your grab misses the jackal.
The jackal bites you.
You die...

#################
#...............#############
#.#############.#...........g
#.# #.#.########### #.#
##########.#.##### ##.#
#.........x......#
...####........h.h.....#
...#...................#
...#...................#
...#.....#.....(...###....
...................###....
.....................+ ...
...................###....
..........##.....h...... .


You could see 2 jackals.

Vanquished Creatures
  A bat (D:1)
  2 jackals (D:1)
  A giant gecko (D:1)
  A rat (D:1)
5 creatures vanquished.

Notes
Turn   | Place    | Note
--------------------------------------------------------------
     0 | D:1      | l0ser140 the Octopode Conjurer began the quest for the Orb.
     0 | D:1      | Reached XP level 1. HP: 11/11 MP: 3/3
    76 | D:1      | Huge Dmg: 3 Dmg
   296 | D:1      | Huge Dmg: 3 Dmg
   297 | D:1      | Huge Dmg: 5 Dmg
   297 | D:1      | Slain by a jackal

Vault maps used:
D:1:      dpeg_arrival_rhombus, lemuel_flame_loot_1

Action                   || total
-------------------------++-------
Melee: Whip              ||     7
 Cast: Magic Dart        ||     7

Vault maps used:
D:1:      dpeg_arrival_rhombus, lemuel_flame_loot_1
